Map: Tours du crépuscule

Players

Plutonun

  • Race: Protoss Protoss
  • League: Silver

nexon - Winner!

  • Race: Zerg Zerg
  • League: Gold

VOD

Have the link to the VOD?

Description

Time

  • Played on: Nov. 12, 2015, 2:25 p.m.
  • Length: 5:13
Show
View Real Time Build Order
Export as new Build Order

Plutonun Protoss 

Build Orders: 1 Gate Expand, Oracle Opening 

Get SALT Encoding   

  12  0:01  Probe (Chrono Boost)  
  13  0:12  Probe (Chrono Boost)  
  14  0:21  Pylon  
  14  0:24  Probe (Chrono Boost)  
  15  0:39  Probe (Chrono Boost)  
  16  0:46  Gateway  
  17  0:50  Probe (Chrono Boost)  
  17  1:00  Probe (Chrono Boost)  
  18  1:06  Assimilator  
  18  1:11  Probe (Chrono Boost)  
  19  1:12  Assimilator  
  19  1:21  Probe (Chrono Boost)  
  20  1:32  Probe (Chrono Boost)  
  21  1:42  Probe (Chrono Boost), Nexus  
  22  1:53  Probe (Chrono Boost)  
  23  1:58  Cybernetics Core  
  23  2:06  Pylon  
  23  2:24  Probe (Chrono Boost)  
  23  2:25  Pylon  
  23  2:27  Zealot  
  26  2:34  Probe (Chrono Boost)  
  26  2:36  Stargate  
  27  2:42  Warp Gate (Chrono Boost)  
  27  2:45  Probe (Chrono Boost)  
  27  2:49  Gateway  
  28  2:56  Probe (Chrono Boost)  
  30  2:58  Probe (Chrono Boost)  
  30  3:06  Probe (Chrono Boost)  
  30  3:09  Probe (Chrono Boost)  
  32  3:16  Probe (Chrono Boost)  
  32  3:18  Probe (Chrono Boost)  
  32  3:19  Oracle (Chrono Boost)  
  37  3:28  Probe x2  
  39  3:34  Robotics Facility  
  39  3:37  Sentry  
  39  3:39  Probe (Chrono Boost)  
  39  3:40  Probe (Chrono Boost)  
  43  3:42  Stalker  
  45  3:51  Probe (Chrono Boost)  
  46  4:00  Mothership Core (Chrono Boost)  
  48  4:17  Assimilator  
  48  4:21  Assimilator  
  48  4:22  Observer  
  49  4:27  Probe  
  50  4:38  Probe  
  45  4:48  Pylon  
Show
View Real Time Build Order
Export as new Build Order

nexon Zerg - Winner!

Build Orders: Hatch First, Zergling Baneling 

Get SALT Encoding   

  12  0:01  Drone  
  13  0:12  Overlord  
  13  0:19  Drone  
  14  0:29  Extractor  
  14  0:30  Drone  
  14  0:37  Drone x2  
  16  0:45  Drone  
  17  1:00  Hatchery  
  17  1:04  Drone  
  17  1:20  Drone, Spawning Pool  
  17  1:25  Drone  
  18  1:31  Drone  
  19  1:39  Drone  
  20  1:50  Drone  
  21  2:00  Drone  
  22  2:12  Metabolic Boost  
  22  2:14  Zergling x4  
  24  2:16  Queen x2  
  24  2:22  Overlord  
  28  2:37  Baneling Nest  
  28  2:41  Zergling x4  
  28  2:42  Zergling x2  
  30  2:46  Zergling x4  
  32  2:57  Zergling x4  
  34  3:04  Zergling x2  
  35  3:06  Zergling x2  
  36  3:15  Overlord  
  36  3:25  Overlord x2  
  36  3:31  Overlord  
  36  3:33  Zergling x2  
  38  3:34  Zergling x8  
  38  3:35  Zergling x2  
  38  3:38  Baneling x3  
  38  3:40  Baneling  
  38  3:41  Baneling  
  42  3:45  Zergling x2  
  42  3:47  Zergling x2  
  44  3:56  Zergling x2  
  44  3:59  Drone x2  
  44  4:00  Zergling x2  
  46  4:09  Baneling x3  
  46  4:12  Zergling x6  
  46  4:16  Drone  
  50  4:21  Zergling x4  
  52  4:35  Zergling x6  
  52  4:36  Zergling x4  
  53  4:47  Zergling x4  
  53  4:48  Zergling x4  
Tags
 
Add a new tag
Caveats
  • Supply blocks, unpowered buildings, or Contaminate may cause inaccurate times.
  • Supply counts are checked every 10 seconds.